 Dungeon Crawl Stone Soup version 0.31-a0-142-g31f6795574 (webtiles) character file.

Game seed: 6174358903529357027

494 pokeman the Magician (level 6, -4/37 HPs)
             Began as a Deep Elf Hedge Wizard on June 3, 2023.
             Blown up by a centaur (17 damage)
             ... with a mindburst bolt
             ... on level 7 of the Dungeon.
             The game lasted 00:08:55 (4038 turns).

pokeman the Magician (Deep Elf Hedge Wizard)        Turns: 4038, Time: 00:08:56

Health: -4/37      AC: 10    Str:  7    XL:     6   Next: 92%
Magic:  4/18       EV: 13    Int: 21    God:
Gold:   234        SH:  4    Dex: 14    Spells: 8/19 levels left

rFire   . . .        r - +2 flail (protect)
rCold   . . .        (no shield)
rNeg    . . .        b - +0 robe
rPois   +            x - +0 helmet
rElec   .            (no cloak)
rCorr   .            (no gloves)
SInv    .            (no boots)
Will    +....        (no amulet)
Stlth   ++           (no ring)
HPRegen 0.26/turn    (no ring)
MPRegen 0.16/turn

%: no passive effects
@: under a protective aura, enlightened, flying
A: large bone plates 1, poison resistance, robust 1
a: no special abilities


You were on level 7 of the Dungeon.
You visited 1 branch of the dungeon, and saw 5 of its levels.

You collected 234 gold pieces.

Inventory:

Hand Weapons
 r - a +2 flail of protection (weapon)
Armour
 b - a +0 robe (worn)
 x - a +0 helmet (worn)
Magical Staves
 v - a staff of death
Scrolls
 e - a scroll of immolation {unknown}
 h - a scroll of fear {unknown}
 i - 2 scrolls of summoning {unknown}
 j - 2 scrolls of magic mapping {unknown}
 k - 5 scrolls of identify {unknown}
 m - a scroll of enchant weapon {unknown}
 o - a scroll of silence {unknown}
 p - a scroll of brand weapon {unknown}
Potions
 d - a potion of magic
 f - a potion of might {unknown}
 g - a potion of brilliance {unknown}
 l - a potion of mutation
 n - a potion of ambrosia {unknown}
 q - a potion of enlightenment
 s - a potion of attraction {unknown}
 t - a potion of haste {unknown}
 u - a potion of heal wounds {unknown}


   Skills:
 + Level 1.6 Fighting
 - Level 1.0 Armour
 - Level 3.0 Dodging
 - Level 3.0 Stealth
 * Level 7.3 Spellcasting
 + Level 3.3 Conjurations
 - Level 1.1 Summonings
 + Level 1.2 Necromancy
 - Level 1.1 Translocations
 - Level 1.0 Air Magic
 + Level 2.1 Earth Magic
 - Level 1.1 Poison Magic


You had 8 spell levels left.
You knew the following spells:

 Your Spells              Type           Power      Damage    Failure   Level
a - Magic Dart            Conj           84%        1d7       2%          1
b - Mephitic Cloud        Conj/Pois/Air  15%        N/A       12%         3
c - Call Imp              Summ           24%        N/A       9%          2
d - Blink                 Tloc           24%        N/A       9%          2
e - Stone Arrow           Conj/Erth      38%        3d9       9%          3

Your spell library contained the following spells:

 Spells                   Type           Power      Damage    Failure   Level
 Beastly Appendage        Tmut           14%        N/A       9%          1
 Slow                     Hex            28%        N/A       9%          1
 Cigotuvi's Dreadful Rot  Necr/Pois/Air  24%        N/A       9%          2
 Wereblood                Tmut           7%         N/A       13%         2
 Spider Form              Tmut/Pois      10%        N/A       21%         3
 Animate Armour           Summ/Erth      28%        N/A       41%         4
 Animate Dead             Necr           12%        N/A       45%         4
 Haunt                    Necr/Summ      6%         N/A       100%        7
 Infestation              Necr           6%         N/A       100%        8
 Lehudib's Crystal Spear  Conj/Erth      9%         10d4      100%        8


Dungeon Overview and Level Annotations

Branches:
Dungeon (7/15)
 Temple: D:4-7

Altars:
Qazlal
Trog

Shops:
D:2 *


Innate Abilities, Weirdness & Mutations

You are partially covered in large bone plates. (SH +4)
Your system is resistant to poisons. (rPois)
You are robust. (+10% HP)


Message History

Unknown command.
The centaur seems less confused.
Your cerulean imp closely misses the kobold.
Unknown command.
The kobold hits your cerulean imp with a +0 short sword.
Your cerulean imp dies!
Your cerulean imp disappears in a puff of smoke!
Unknown command.
Casting: Call Imp (safe; 9% risk of failure)
Confirm with . or Enter, or press ? or * to list all spells.
Aiming: Mephitic Cloud (dangerous; 12% risk of failure)
Press: ? - help, Shift-Dir - straight line, f - kobold
Aim: a kobold, wielding a +0 short sword (chance to affect: 96%)
The ball explodes into a vile cloud!
The stinking cloud engulfs you but does no damage.
Unknown command.
You hit the kobold.
Your weapon exudes an aura of protection.
You kill the kobold!
The kobold barely misses you.
Unknown command.
Casting: Mephitic Cloud (dangerous; 12% risk of failure)
Confirm with . or Enter, or press ? or * to list all spells.
Aiming: Mephitic Cloud (dangerous; 12% risk of failure)
Press: ? - help, Shift-Dir - straight line, f - kobold
Aim: a kobold, wielding a +0 whip (chance to affect: 96%)
The ball explodes into a vile cloud!
The stinking cloud engulfs the kobold but does no damage.
The stinking cloud engulfs you but does no damage.
The stinking cloud engulfs the kobold but does no damage.
The kobold is engulfed in noxious fumes.
The kobold appears confused.
You block the kobold's attack.
The kobold is engulfed in noxious fumes.
The kobold appears confused.
Unknown command.
Unknown command.
You hit the kobold.
You kill the kobold!
The centaur zaps a wand.
Your mind is blasted!
You die...

#......# #......##
#.......## #..[..#..##
####......# #......###
#........## # ##.....##°.##
# #......##@..# #
#.#######○###
########'#######○### ##
....##....#≈≈≈#Kc..# ..##
###.##....#####....###....#
# #..'.............'..K.#
#.##.............####.#
#.####..#####..###
#.##≈#..#≈≈≈#..#S#


You could see a centaur and a kobold (confused).

Vanquished Creatures
  2 black bears (D:7)
  A bullfrog (D:7)
  An orc priest (D:3)
  Natasha (twice) (D:3)
  An adder (D:3)
  A worm (D:3)
  A dart slug (D:2)
  10 orcs (D:3)
  4 endoplasms (D:1)
  2 giant cockroaches
  8 goblins
  4 hobgoblins
  5 jackals
  A quokka (D:3)
  8 ball pythons
  7 bats
  2 frilled lizards
  7 kobolds
  7 rats
74 creatures vanquished.

Vanquished Creatures (collateral kills)
  A kobold brigand (D:7)
  A worm (D:2)
  3 orcs (D:3)
5 creatures vanquished.

Grand Total: 79 creatures vanquished

Notes
Turn   | Place    | Note
-------+----------+-------------------------------------------
     0 | D:1      | pokeman the Deep Elf Hedge Wizard began the quest for the
                  | Orb.
     0 | D:1      | Reached XP level 1. HP: 10/10 MP: 7/7
   286 | D:1      | Reached XP level 2. HP: 16/16 MP: 4/9
   907 | D:1      | Reached skill level 5 in Spellcasting
  1265 | D:2      | Found a faded altar of an unknown god.
  1317 | D:2      | Reached XP level 3. HP: 20/20 MP: 1/11
  1321 | D:2      | Learned a level 3 spell: Mephitic Cloud
  1324 | D:2      | Learned a level 2 spell: Call Imp
  1327 | D:2      | Learned a level 2 spell: Blink
  1471 | D:2      | Found a stormy altar of Qazlal.
  1565 | D:2      | Found Adwappuq's Assorted Antiques.
  1583 | D:2      | Learned a level 3 spell: Stone Arrow
  1768 | D:2      | Reached skill level 1 in Armour
  1988 | D:3      | Reached skill level 1 in Fighting
  2229 | D:3      | Reached XP level 4. HP: 25/25 MP: 6/13
  2472 | D:3      | Noticed Natasha
  2491 | D:3      | Killed Natasha
  2593 | D:3      | Noticed Natasha
  2605 | D:3      | Killed Natasha
  2606 | D:3      | Reached skill level 6 in Spellcasting
  2752 | D:3      | Found a stormy altar of Qazlal.
  2761 | D:3      | Reached XP level 5. HP: 26/29 MP: 12/15
  3417 | D:4      | You fall into a shaft and drop 3 floors!
  3427 | D:7      | Noticed a black bear
  3580 | D:7      | Killed a black bear
  3581 | D:7      | Reached skill level 1 in Air Magic
  3581 | D:7      | Reached skill level 1 in Earth Magic
  3581 | D:7      | Reached skill level 1 in Poison Magic
  3581 | D:7      | Reached XP level 6. HP: 25/34 MP: 7/17
  3684 | D:7      | Found a bloodstained altar of Trog.
  3909 | D:7      | Reached skill level 7 in Spellcasting
  4014 | D:7      | Gained mutation: You are robust. (+10% HP) [potion of
                  | mutation]
  4014 | D:7      | Gained mutation: You are partially covered in large bone
                  | plates. (SH +4) [potion of mutation]
  4014 | D:7      | Gained mutation: Your system is resistant to poisons.
                  | (rPois) [potion of mutation]
  4014 | D:7      | HP: 1/37 [poisoned by a kobold brigand]
  4033 | D:7      | Reached skill level 1 in Necromancy
  4038 | D:7      | Blown up by a centaur

Illustrated notes

Levels and vault maps discovered:
D:1:      sevenhm_arrival_forest_fort_small_1, layout_loops_ring
D:2:      layout_basic, serial_shops, shop, basic_altar,
          ebering_ecumenical_altar_hall, dreamdust_wishing_well, minivault_4
D:3:      cheibrodos_pilgrimage, layout_loops_ring,
          mainiacjoe_overflow_tiny_flanked, serial_bayou_pond_d, dk_vineyard_2,
          guppyfry_early_orc_mine, uniq_natasha
D:4:      layout_loops_ring, minmay_temple_entry_mist, serial_shops,
          nicolae_shop_gibbet_a_chance, hangedman_decor_clover_reticule,
          nicolae_figureground_sparkle
D:7:      layout_basic, nicolae_overflow_crystal_walls, serial_aquarium,
          aquarium_bridge_straight [aquarium_subvault_bridge,
          aquarium_subvault_wall, aquarium_subvault_bridge,
          aquarium_subvault_window], aquarium_window_fake, aquarium_window_1,
          aquarium_window_1, aquarium_view_2b, aquarium_pool_five,
          minmay_crystal_room

Skill      XL: |  1  2  3  4  5  6 |
---------------+-------------------+-----
Spellcasting   | 5 6 7 |  7.3
Armour         | 1 |  1.0
Fighting       | 1 |  1.6
Conjurations   | 2 3 |  3.3
Stealth        | 3 |  3.0
Dodging        | 3 |  3.0
Air Magic      | 1 |  1.0
Earth Magic    | 1 2 |  2.1
Poison Magic   | 1 |  1.1
Necromancy     | 1 |  1.2
Summonings     | |  1.1
Translocations | |  1.1

Action                     |  1- 3 |  4- 6 || total
---------------------------+-------+-------++-------
  Melee: Dagger            |    11 |    23 ||    34
         Flail             |       |    43 ||    43
   Cast: Magic Dart        |   113 |    57 ||   170
         Call Imp          |     1 |     6 ||     7
         Mephitic Cloud    |     1 |    13 ||    14
         Blink             |       |     1 ||     1
    Use: Potion            |       |     3 ||     3
   Stab: Confused          |       |     4 ||     4
 Armour: Robe              |     4 |    28 ||    32
  Dodge: Dodged            |    16 |    56 ||    72
  Block: Other             |       |     1 ||     1

Table legend: (Time is in decaauts)
 A = Elapsed time spent in this place.
 B = Non-inter-level travel time spent in this place.
 C = Inter-level travel time spent in this place.
 D = Time resting spent in this place.
 E = Time spent auto-exploring this place.
 F = Levels seen in this place.
 G = Mean time per level.
                   A        B        C        D        E       F      G
               +--------+--------+--------+--------+--------+-----+--------+
         Total |   4061 |   3931 |    130 |    255 |   3006 |   5 |  812.2 |
       Dungeon |   4061 |   3931 |    130 |    255 |   3006 |   5 |  812.2 |
               +--------+--------+--------+--------+--------+-----+--------+

Top non-repeatable levels by time:
     D:3: 1282 daAuts
     D:1: 1258 daAuts
     D:2: 891 daAuts
     D:7: 628 daAuts
